 Dungeon Crawl Stone Soup version 0.26-a0-937-g67df3f2acb (webtiles) character file.

Game seed: 14726902819380352339

2317 Ijustatesigmund the Chopper (level 9, -3/64 HPs)
             Began as an Octopode Fighter on Nov 27, 2020.
             Was an Initiate of Cheibriados.
             Killed from afar by an electric eel (9 damage)
             ... with a bolt of electricity
             ... on level 7 of the Dungeon.
             The game lasted 00:09:37 (6977 turns).

Ijustatesigmund the Chopper (Octopode Fighter)      Turns: 6977, Time: 00:09:39

Health: -3/64      AC:  2    Str: 22    XL:     9   Next: 41%
Magic:  0/18       EV: 15    Int: 12    God:    Cheibriados [......]
Gold:   327        SH: 11    Dex: 15    Spells: 8/8 levels left

rFire    . . .     SeeInvis +   a - +0 war axe (flame)
rCold    + . .     Faith    .   b - +0 kite shield
rNeg     . . .     Spirit   +   s - +1 hat
rPois    +         Reflect  .   u - amulet of guardian spirit
rElec    .         Harm     .   f - ring of see invisible
rCorr    .         Rampage  .   e - +6 ring of strength
MR       +....                  h - ring of wizardry
Stlth    ++........             m - ring of magical power
HPRegen  0.20/turn              p - ring of protection from cold
MPRegen  0.16/turn              (no ring)
                                (no ring)
                                (no ring)

@: very slow
A: almost no armour, stealthy swim, amphibious, 8 rings, constrict 8, camouflage
1, blurry vision 1, magic resistance 1, poison resistance, screaming 1,
gelatinous body 1
a: Bend Time, Renounce Religion


You were on level 7 of the Dungeon.
You worshipped Cheibriados.
Cheibriados was noncommittal.
You visited 2 branches of the dungeon, and saw 8 of its levels.

You collected 327 gold pieces.

Inventory:

Hand Weapons
 a - a +0 war axe of flaming (weapon)
Missiles
 d - 33 poisoned darts (quivered)
Armour
 b - a +0 kite shield (worn)
 s - a +1 hat (worn)
Jewellery
 e - a +6 ring of strength (right tentacle)
 f - a ring of see invisible (left tentacle)
 h - a ring of wizardry (on tentacle)
 m - a ring of magical power (on tentacle)
 p - a ring of protection from cold (on tentacle)
 u - an amulet of guardian spirit (around mantle)
Wands
 v - a wand of paralysis (10)
Scrolls
 k - 6 scrolls of identify
 n - 3 scrolls of remove curse
 o - 2 scrolls of amnesia
 r - a scroll of teleportation
Potions
 c - 3 potions of lignification
 g - 4 potions of flight
 i - 2 potions of curing
 j - a potion of ambrosia
 l - a potion of attraction
 q - 3 potions of heal wounds


   Skills:
 + Level 7.1 Fighting
 + Level 7.9 Axes
 + Level 5.7 Dodging
 + Level 5.8 Shields
 + Level 1.1 Invocations


You had 8 spell levels left.
You didn't know any spells.
Your spell library contained the following spells:

 Spells                   Type           Power        Failure   Level
 Summon Small Mammal      Summ           #...         38%         1
 Call Imp                 Summ           #.......     52%         2
 Call Canine Familiar     Summ           #.......     75%         3
 Summon Guardian Golem    Hex/Summ       #.......     75%         3
 Summon Ice Beast         Ice/Summ       #.......     98%         4
 Summon Lightning Spire   Summ/Air       #.......     98%         4


Dungeon Overview and Level Annotations

Branches:
Dungeon (7/15)             Temple (1/1) D:6

Altars:
Cheibriados
Elyvilon
Sif Muna
The Shining One

Shops:
D:4 }


Innate Abilities, Weirdness & Mutations

You cannot wear most types of armour.
You are very stealthy in the water. (Stealth+)
You are amphibious.
You can wear up to eight rings at the same time.
You can use your tentacles to constrict eight enemies at once.
Your skin changes colour to match your surroundings (Stealth+).
Your rubbery body absorbs attacks. (AC +1, EV +1)
Scrolls take you a little longer to read.
You are resistant to hostile enchantments. (MR+)
Your system is resistant to poisons. (rPois)
You occasionally shout uncontrollably at your foes.


Message History

Your Invocations skill increases to level 1!
The electric eel shoots out a bolt of lightning at you!
The bolt of electricity hits you! The bolt of electricity hits you.
* * * LOW HITPOINT WARNING * * *
The bolt of electricity hits the electric eel.
The electric eel completely resists.
The electric eel shoots out a bolt of lightning at you!
The bolt of electricity hits you!
* * * LOW HITPOINT WARNING * * *
The bolt of electricity misses you.
The bolt of electricity misses the electric eel.
You miss the electric eel. Your grab misses the electric eel.
You hit the electric eel. You burn the electric eel.
Your grab misses the electric eel.
The electric eel is moderately wounded.
The electric eel shoots out a bolt of lightning at you!
The bolt of electricity hits you!
* * * LOW HITPOINT WARNING * * *
The bolt of electricity hits you!
You die...

#.#.#####.# #.#. #
#.#.#####.# #... #.
#......##.#
#..♣.#.##.#.##.##.#
...(.♣#...#(#...#.#
♣..P..♣#..#.......####
...≈.........###.....###
.≈≈≈≈♣.).###..#......)..
≈♣≈≈≈;@.# ##.....##.###
.P≈≈≈♣≈..# ########.# #
..≈♣≈≈≈P.# #.###
P..≈≈≈...# #.##.
.P.P♣...## #....
.[♣....## ##### # .....
##P..#


You could see an electric eel.

Vanquished Creatures
  Maggie (D:6)
  Sigmund (D:2)
  A sky beast (D:5)
  2 phantoms
  4 ogres
  A bullfrog (D:7)
  A scorpion (D:4)
  3 wights (D:6)
  2 howler monkeys
  A bullfrog zombie (D:5)
  5 hounds
  An orc priest (D:4)
  Crazy Yiuf (D:6)
  A bullfrog skeleton (D:5)
  2 orc wizards
  2 iguanas (D:5)
  10 worker ants
  A killer bee zombie (D:6)
  A hound skeleton (D:6)
  11 gnolls
  7 adders
  A shadow imp (D:5)
  2 white imps
  2 ufetubi
  3 oozes
  An adder skeleton (D:5)
  2 worms
  A dart slug (D:6)
  10 leopard geckos
  10 orcs
  4 giant cockroaches
  2 goblins
  6 hobgoblins
  3 jackals (D:5)
  6 quokkas
  2 ball pythons (D:4)
  7 bats
  4 frilled lizards
  A jackal skeleton (D:4)
  9 kobolds
  A quokka skeleton (D:5)
  A quokka zombie (D:5)
  3 rats
140 creatures vanquished.

Vanquished Creatures (others)
  8 plants (D:7)
8 creatures vanquished.

Grand Total: 148 creatures vanquished

Notes
Turn   | Place    | Note
-------+----------+-------------------------------------------
     0 | D:1      | Ijustatesigmund the Octopode Fighter began the quest for
                  | the Orb.
     0 | D:1      | Reached XP level 1. HP: 16/16 MP: 1/1
   105 | D:1      | You fall into a shaft and drop 1 floor!
   124 | D:2      | Reached XP level 2. HP: 21/21 MP: 2/2
   133 | D:2      | Found a shimmering blue altar of Sif Muna.
   133 | D:2      | Noticed Sigmund
  1143 | D:3      | Reached XP level 3. HP: 26/26 MP: 3/3
  1629 | D:3      | Reached XP level 4. HP: 29/32 MP: 4/4
  2389 | D:4      | Reached XP level 5. HP: 32/37 MP: 5/5
  2694 | D:2      | Reached skill level 5 in Axes
  2781 | D:2      | Reached XP level 6. HP: 40/44 MP: 6/6
  3078 | D:2      | Killed Sigmund
  3300 | D:4      | Reached skill level 5 in Fighting
  3302 | D:4      | Reached XP level 7. HP: 19/50 MP: 7/7
  4016 | D:4      | Found Lucwisk's Gadget Shop.
  4124 | D:5      | Entered Level 5 of the Dungeon
  4367 | D:5      | Reached XP level 8. HP: 57/57 MP: 8/8
  4741 | D:5      | Found a white marble altar of Elyvilon.
  5652 | D:6      | Noticed Maggie
  5894 | D:6      | Gained mutation: You occasionally shout uncontrollably at
                  | your foes. [potion of mutation]
  5894 | D:6      | Gained mutation: Scrolls take you a little longer to read.
                  | [potion of mutation]
  5894 | D:6      | Gained mutation: You are resistant to hostile enchantments.
                  | (MR+) [potion of mutation]
  5894 | D:6      | Gained mutation: Your system is resistant to poisons.
                  | (rPois) [potion of mutation]
  5898 | D:6      | Found a snail-covered altar of Cheibriados.
  5911 | D:6      | Became a worshipper of Cheibriados the Contemplative
  5921 | D:6      | Found a staircase to the Ecumenical Temple.
  5931 | D:6      | Reached skill level 5 in Dodging
  5931 | D:6      | Reached skill level 5 in Shields
  5982 | Temple   | Entered the Ecumenical Temple
  6192 | D:6      | Reached XP level 9. HP: 63/63 MP: 9/9
  6302 | D:6      | Killed Maggie
  6562 | D:6      | Found a runed translucent door.
  6563 | D:6      | Noticed Crazy Yiuf
  6571 | D:6      | Killed Crazy Yiuf
  6828 | D:7      | Found a glowing golden altar of the Shining One.
  6975 | D:7      | Reached skill level 1 in Invocations
  6977 | D:7      | Killed from afar by an electric eel

Illustrated notes

Levels and vault maps discovered:
D:1:      dpeg_arrival_round_b, layout_basic
D:2:      layout_basic, old_standard_altar, uniq_sigmund
D:3:      layout_basic
D:4:      layout_basic, serial_shops, nicolae_shop_statue_plus
D:5:      minmay_chambers_of_threes, layout_basic, basic_altar
D:6:      layout_rooms, kennysheep_slug_shrine, minmay_temple_entry_large_hall,
          uniq_maggie, uniq_crazy_yiuf_cottage
D:7:      layout_loops_ring, gammafunk_temple_overflow_statue,
          lemuel_doored_altar, serial_bayou, serial_bayou_ford_a,
          serial_bayou_pond_c, serial_bayou_pond_a
Temple:   bh_familiar_temple

Skill      XL: |  1  2  3  4  5  6  7  8  9 |
---------------+----------------------------+-----
Axes           | 3 4 5 6 7 |  7.9
Fighting       | 4 5 6 7 |  7.1
Dodging        | 5 |  5.7
Shields        | 5 |  5.8
Invocations    | 1 |  1.1

Action                   |  1- 3 |  4- 6 |  7- 9 || total
-------------------------+-------+-------+-------++-------
Melee: War axe           |    51 |    66 |   189 ||   306
       Constrict         |     9 |    18 |    44 ||    71
       Tentacles         |     9 |     9 |    50 ||    68
Throw: Dart              |       |     9 |     5 ||    14
  Use: Scroll            |     6 |     8 |     3 ||    17
       Potion            |     1 |     1 |     3 ||     5
 Stab: Sleeping          |     3 |     5 |     6 ||    14
       Distracted        |       |       |     2 ||     2
Armor: Skin              |     9 |     3 |     5 ||    17
Dodge: Dodged            |    28 |    19 |   101 ||   148
Block: Kite shield       |    41 |    27 |    81 ||   149

Table legend: (Time is in decaauts)
 A = Elapsed time spent in this place.
 B = Non-inter-level travel time spent in this place.
 C = Inter-level travel time spent in this place.
 D = Time resting spent in this place.
 E = Time spent auto-exploring this place.
 F = Levels seen in this place.
 G = Mean time per level.
                   A        B        C        D        E       F      G
               +--------+--------+--------+--------+--------+-----+--------+
         Total |   7207 |   6951 |    256 |   1909 |   3927 |   8 |  900.9 |
       Dungeon |   7028 |   6772 |    256 |   1732 |   3927 |   7 | 1004.0 |
        Temple |    178 |    178 |      0 |    177 |      0 |   1 |  178.0 |
               +--------+--------+--------+--------+--------+-----+--------+

Top non-repeatable levels by time:
     D:5: 1456 daAuts
     D:4: 1356 daAuts
     D:6: 1176 daAuts
     D:3: 1151 daAuts
     D:1: 911 daAuts
     D:2: 741 daAuts
     D:7: 235 daAuts
  Temple: 178 daAuts
